badnik, neutral male gnomish Archeologist ---------------- -------- ..*(...........--------- ------..........!.??S................r------- ------).n....a.........?..................F.......------ ----...........<..........?..................r............---- ---.:.........[................................................--- ---......@..@.:................................*..G.i..............--- ---........:f..............u........................v..................--- |........(...............................................................| |.....Y....................Y..........................M...:...........P..| |..........................................>..............o........../...| ---..k..........[....................`....................*............--- ---...............................................?...!.........p..--- ---........(.................'....................n..%.....v...--- ----......(......:........................................---- ------......j..........d........................%.------ ------................................------- --------...............?--------- ----------------- badnik the Digger Experience level: 1 Strength: 13 Dexterity: 11 Constitution: 13 Intelligence: 15 Wisdom: 14 Charisma: 9 Health: 0(12) Energy: 3(3) Def: 1 Gold: 233 Moves: 285 Dungeon seed: _-DaOzTDMYl7TzkQ Game ID: badnik_1498648336 Your Inventory: Coins $ - 233 gold pieces Weapons a - a +2 bullwhip Armor e - an uncursed +0 leather jacket (being worn) n - an uncursed +0 fedora (being worn) Comestibles b - 4 uncursed food rations Tools c - a +0 pick-axe (weapon in hand) d - a tinning kit (0:51) f - an uncursed sack Gems q - an uncursed touchstone Spells and supernatural/magical abilities: Name Level Category Fail Memory W - pray for help -- divine ? -- Your skills at the end: Fighting Skills Weapon Skills pick-axe [Basic] whip [Basic] Spellcasting Skills Final Attributes: You were fervently aligned. You had infravision. You were stealthy. You were fast. You are dead. Vanquished creatures: a newt Voluntary challenges: You went without food. You were an atheist. You never hit with a wielded weapon. You were a pacifist. You were illiterate. You never genocided any monsters. You never polymorphed an object. You never changed form. You used no wishes. You never split a pudding. You never wrote Elbereth's name. You never violated your personal moral code. Dungeon overview: The Dungeons of Doom: levels 1 to 12 Level 1 a long staircase Level 2 Level 3 Level 4 Level 5 Level 6 Level 7 Level 8 Level 9 Level 10 Level 11 a general store Level 12 <- You were here History has recorded: On T:1 you entered the Dungeons of Doom to retrieve the Amulet of Yendor! On T:25 you reached level 2 of The Dungeons of Doom. On T:47 you reached level 3 of The Dungeons of Doom. On T:66 you reached level 4 of The Dungeons of Doom. On T:105 you reached level 5 of The Dungeons of Doom. On T:124 you reached level 6 of The Dungeons of Doom. On T:143 you reached level 7 of The Dungeons of Doom. On T:184 you reached level 8 of The Dungeons of Doom. On T:203 you reached level 9 of The Dungeons of Doom. On T:221 you reached level 10 of The Dungeons of Doom. On T:241 you reached level 11 of The Dungeons of Doom. On T:282 you reached level 12 of The Dungeons of Doom. Score breakdown: Gold: 233 ( 8059 points) Experience: 1 level ( 0 points) Exploration: 12 levels ( 26.67%) (15000 points) Discoveries: 0 items ( 0.00%) ( 0 points) Valuables value: (no points given unless you survive) Artifact value: 0 ( 0 points) Variety of kills: 1 monster ( 0.26%) ( 1536 points) Turncount: 285 turns ( 0 points) Survival: died (score multiplied by 80%) Total score: 19676 Latest messages: You continue digging downward. (7x) You can't reach over the edge of the pit. (3x) Where do you want to travel to? You are still in a pit. You continue digging downward. (9x) You dig a hole through the floor. You fall through... That command is only available in debug mode. You see here a whistle. You stop exploring. (2x) Where do you want to travel to? A lynx blocks your way. You start digging downward. The lynx hits! (2x) The lynx bites! You continue digging downward. The lynx hits! (2x) You die... The sack is empty. The sack is empty. Final status: Goodbye badnik the Archeologist, killed by a lynx... You died in The Dungeons of Doom on dungeon level 12 with 19676 points, and 233 pieces of gold, after 285 moves. You were level 1 with a maximum of 12 hit points when you died.